 Dungeon Crawl Stone Soup version 0.26-a0-649-gf8c6c3aab7 (webtiles) character file.

Game seed: 223748733223934765

86333 krigyl the Severer (level 15, -1/140 HPs)
             Began as a Deep Dwarf Fighter on Sept 27, 2020.
             Was the Champion of Makhleb.
             Slain by an emperor scorpion (9 damage)
             ... on level 4 of the Spider Nest.
             The game lasted 00:24:05 (15816 turns).

krigyl the Severer (Deep Dwarf Fighter)            Turns: 15816, Time: 00:24:05

Health: -1/140     AC: 26    Str: 24 (25) XL:     15   Next: 40%
Magic:  0/7        EV:  5    Int:  2 (5)  God:    Makhleb [******]
Gold:   2251       SH: 14    Dex: 20 (22) Spells: 24/24 levels left

rFire    . . .     SeeInvis .   a - +0 broad axe
rCold    + + .     Faith    .   c - +0 kite shield
rNeg     + + .     Spirit   .   w - +0 crystal plate armour "Beogon" {rC+ Int-5 Dex+4 Slay+4}
rPois    .         Reflect  .   u - +0 helmet
rElec    +         Harm     .   E - -2 cloak of the Devil {MR+ rCorr Dex+3}
rCorr    +         Rampage  +   r - +1 pair of gloves
MR       +++..     NoCast   +   x - +0 pair of boots "Fybor" {-Cast Rampage rElec Dex+3}
Stlth    ..........             t - amulet of the acrobat
HPRegen  0.00/turn              p - +4 ring of protection
MPRegen  0.10/turn              F - ring "Lasuy" {rElec rC+ rN+}

@: mighty, lethally poisoned (-1 -> -53), non-regenerating
A: damage resistance, heal wounds, yellow scales 1, deformed body, negative
energy resistance 1, sense surroundings 2, electricity resistance, no
regeneration
a: Heal Wounds, Minor Destruction, Lesser Servant of Makhleb, Major Destruction,
Greater Servant of Makhleb, Renounce Religion


You were on level 4 of the Spider Nest.
You worshipped Makhleb.
Makhleb was exalted by your worship.
You visited 5 branches of the dungeon, and saw 25 of its levels.
You also visited: Sewer, Bailey and Gauntlet.

You collected 2749 gold pieces.
You spent 498 gold pieces at shops.

Inventory:

Hand Weapons
 a - a +0 broad axe (weapon)
 K - a +2 dagger of distortion
Armour
 c - a +0 kite shield (worn)
 d - a scarf of invisibility
 r - a +1 pair of gloves (worn)
 u - a +0 helmet (worn)
 w - the +0 crystal plate armour "Beogon" (worn) {rC+ Int-5 Dex+4 Slay+4}
   (You found it in a bailey)

   It affects your intelligence (-5).
   It affects your dexterity (+4).
   It affects your accuracy and damage with ranged weapons and melee attacks
   (+4).
   It protects you from cold.
 x - the +0 pair of boots "Fybor" (worn) {-Cast Rampage rElec Dex+3}
   (You found it in a bailey)

   It affects your dexterity (+3).
   It insulates you from electricity.
   It prevents spellcasting.
   It bestows one free step when moving towards enemies.
 E - the -2 cloak of the Devil (worn) {MR+ rCorr Dex+3}
   (You found it in a Gauntlet)

   It affects your dexterity (+3).
   It affects your resistance to hostile enchantments.
   It provides partial protection from all sources of acid and corrosion.
Jewellery
 p - a +4 ring of protection (left hand)
 t - an amulet of the acrobat (around neck)
 v - a +4 ring of evasion
 F - the ring "Lasuy" (right hand) {rElec rC+ rN+}
   (You found it in a Gauntlet)

   [ring of protection from cold]

   It protects you from cold.
   It insulates you from electricity.
   It protects you from negative energy.
Wands
 A - a wand of paralysis (6)
 G - a wand of iceblast (25) {@v3}
 H - a wand of acid (19) {@v2}
Scrolls
 b - a scroll of enchant armour
 f - 3 scrolls of enchant weapon
 h - 8 scrolls of teleportation {@r4}
 j - 4 scrolls of magic mapping
 k - 4 scrolls of blinking {@r3}
 l - 4 scrolls of fear
 n - 8 scrolls of remove curse {@r2}
 z - 3 scrolls of summoning
 P - a scroll of fog
Potions
 e - 5 potions of ambrosia
 g - 2 potions of haste {@q3}
 i - a potion of magic
 m - a potion of curing {@q1}
 o - 4 potions of mutation
 q - 3 potions of stabbing
 B - 4 potions of cancellation
 D - a potion of lignification
 J - a potion of might {@q4}
 L - a potion of flight
 M - 2 potions of resistance {@q6}
 O - 2 potions of heal wounds {@q2}
Miscellaneous
 s - a phial of floods
 y - a box of beasts (3/3)
 C - a condenser vane (2/2)
 N - a phantom mirror


   Skills:
 + Level 10.6 Fighting
 * Level 16.4 Axes
 + Level 12.4 Armour
 + Level 12.4 Shields
 - Level 5.2 Spellcasting
 * Level 12.4 Invocations
 + Level 8.3 Evocations


You had 24 spell levels left.
You didn't know any spells.
Your spell library contained the following spells:

 Spells                   Type           Power        Failure   Level
 Foxfire                  Conj/Fire      #...         100%        1
 Freeze                   Ice            #...         100%        1
 Magic Dart               Conj           #...         100%        1
 Shock                    Conj/Air       #...         100%        1
 Blink                    Tloc           N/A          100%        2
 Call Imp                 Summ           #.......     100%        2
 Searing Ray              Conj           #.....       100%        2
 Slow                     Hex            #.......     100%        2
 Swiftness                Air            #.......     100%        2
 Conjure Flame            Conj/Fire      #.......     100%        3
 Dazzling Flash           Conj/Hex       #.....       100%        3
 Frozen Ramparts          Ice            #.....       100%        3
 Inner Flame              Hex/Fire       #.......     100%        3
 Mephitic Cloud           Conj/Pois/Air  #.......     100%        3
 Ozocubu's Armour         Ice            #.......     100%        3
 Static Discharge         Conj/Air       #.......     100%        3
 Airstrike                Air            #.........   100%        4
 Fulminant Prism          Conj/Hex       #.........   100%        4
 Hailstorm                Conj/Ice       #.......     100%        4
 Iskenderun's Mystic Bla  Conj/Tloc      #.......     100%        4
 Sticky Flame             Conj/Fire      #.......     100%        4
 Summon Ice Beast         Ice/Summ       #.......     100%        4
 Fireball                 Conj/Fire      #.........   100%        5
 Lightning Bolt           Conj/Air       #.........   100%        5


Dungeon Overview and Level Annotations

Branches:
Dungeon (14/15)            Temple (1/1) D:7            Lair (4/6) D:8
 Shoals (0/4) Lair:3       Spider (4/4) Lair:4          Orc (2/2) D:11
    Elf (0/3) Orc:2        Vaults (0/5) D:13          Sewer (visited)
 Bailey (visited)         Gauntlet (visited)

Altars:
Ashenzari
Cheibriados
Dithmenos
Elyvilon
Fedhas
Gozag
Hepliaklqana
Kikubaaqudgha
Makhleb
Nemelex Xobeh
Okawaru
Qazlal
Ru
Sif Muna
Trog
Uskayaw
Vehumet
Wu Jian
Yredelemnul
The Shining One
Beogh

Shops:
D:7 =   D:13 :   Orc:1 }   Orc:2 ?[(}

Annotations:
Spider:2 Roxanne


Innate Abilities, Weirdness & Mutations

You are resistant to damage.
You can heal yourself by infusing magical energy.
You resist negative energy. (rN+)
You passively map the area around you.
You do not regenerate.
You are partially covered in yellow scales. (AC +2)
Armour fits poorly on your strangely shaped body.
You are resistant to electric shocks. (rElec)


Message History

You feel very sick. The emperor scorpion stings you.
You block the emperor scorpion's attack. x2
Something hits you.
* * * LOW HITPOINT WARNING * * *
Something hits you!
* * * LOW HITPOINT WARNING * * *
You feel clumsy.
Something stings you but does no damage.
The emperor scorpion stings you!
* * * LOW HITPOINT WARNING * * *
The emperor scorpion barely misses you. x2
You slice the emperor scorpion!!
The emperor scorpion is almost dead.
You hit the emperor scorpion but do no damage.
You barely miss something.
* * * LOW HITPOINT WARNING * * *
You feel very sick. The emperor scorpion stings you!
You die...

^............###.^# ≈≈,*,, * ##
.^...........##^..## ≈, * * ###.
.............##^..≈#, ##...
..........)..###..≈#^,, ##....
..^..........# #..≈## , #...^.
.............# #≈.≈≈####. *#.....
.............####..≈≈.... #.....
............###.ss......^ #.....
^...........###≈@{.....^. ##.....
............##..†#..≈≈.## #<.....
.............^...##^^.#####......
.^..............##*######........
.................### *##.........
.....^............≈##^#.......^..
^......^......≈....≈###...^......
.............^#.≈≈#.#.....^.....^
..................#..............


You could see 2 emperor scorpions.

Vanquished Creatures
  Kirke (Spider:1)
  An orc warlord (Orc:2)
  2 emperor scorpions (Spider:4)
  An ironheart preserver (D:13)
  2 ghost moths
  2 entropy weavers
  A stone giant (Orc:2)
  A minotaur (Gauntlet)
  Azrael (Spider:1)
  An ettin (Orc:1)
  A great orb of eyes (Gauntlet)
  A hydra (D:11)
  9 two-headed ogres
  A centaur warrior (D:13)
  An ogre mage (Orc:1)
  A wretched star (Gauntlet)
  Sonja (Lair:3)
  2 unseen horrors (D:10)
  3 orc knights
  2 ugly things
  10 wolf spiders
  9 orb spiders
  2 orc sorcerers (Orc:2)
  2 manticores (D:13)
  4 cyclopes
  2 black mambas (Lair:3)
  2 gargoyles
  3 cane toads
  Maggie (D:8)
  A rime drake (Lair:3)
  7 demonic crawlers
  5 komodo dragons
  4 red devils (D:12)
  6 trolls
  17 jumping spiders
  2 hornets
  Prince Ribbit (D:6)
  Grinder (D:5)
  3 polar bears (Lair:1)
  3 slime creatures (D:13)
  8 hippogriffs
  41 redbacks
  A wraith (D:13)
  19 tarantellas
  10 yaks
  A vampire (D:9)
  Grum (D:9)
  A shadow (D:13)
  4 fire elementals (Spider:1)
  A wyvern (Lair:2)
  A human (shapeshifter) (D:13)
  6 hogs (Spider:1)
  A neqoxec (Gauntlet)
  Edmund (D:6)
  A basilisk (Lair:1)
  3 wargs
  3 hell hounds (Spider:1)
  4 water moccasins
  12 porcupines
  Duvessa (D:5)
  3 sky beasts
  2 ice beasts
  36 orc warriors
  3 black bears (D:8)
  25 ogres
  16 centaurs
  9 wolves
  A necrophage (D:12)
  7 big kobolds
  4 crocodiles
  14 bullfrogs
  Dowan (D:5)
  A water moccasin zombie (D:8)
  5 scorpions
  12 killer bees
  16 wights
  An electric eel (D:8)
  A howler monkey (D:9)
  6 centaur zombies
  4 bullfrog zombies
  6 hounds
  2 quasits (D:7)
  14 orc priests
  2 bullfrog skeletons
  A jelly (D:6)
  3 centaur skeletons
  Ijyb (D:5)
  5 iguanas
  31 orc wizards
  7 worker ants
  8 gnolls
  10 adders
  4 river rats (Sewer)
  4 shadow imps
  4 white imps
  An ufetubus (D:6)
  An adder skeleton (D:4)
  2 worms
  6 leopard geckos
  134 orcs
  3 ball pythons
  4 giant cockroaches
  5 goblins
  4 hobgoblins
  5 jackals
  33 kobolds
  4 quokkas
  3 bats (D:3)
  12 frilled lizards
  14 rats
740 creatures vanquished.

Vanquished Creatures (collateral kills)
  A ghost moth (Spider:4)
  An orb spider (Spider:4)
  4 wolf spiders
  A moth of wrath (Spider:1)
  A jumping spider (Spider:4)
  4 tarantellas
  6 redbacks (Spider:4)
18 creatures vanquished.

Vanquished Creatures (others)
  30 fungi
  29 plants
59 creatures vanquished.

Grand Total: 817 creatures vanquished

Notes
Turn   | Place    | Note
-------+----------+-------------------------------------------
     0 | D:1      | krigyl the Deep Dwarf Fighter began the quest for the Orb.
     0 | D:1      | Reached XP level 1. HP: 20/20 MP: 1/1
   125 | D:2      | Reached XP level 2. HP: 21/27 MP: 2/2
   231 | D:3      | Reached skill level 3 in Axes
   231 | D:3      | Reached XP level 3. HP: 18/34 MP: 3/3
   337 | D:3      | Found a glowing drain.
   348 | Sewer    | Entered a sewer
   359 | Sewer    | Reached XP level 4. HP: 41/42 MP: 4/4
   692 | D:3      | Reached skill level 4 in Axes
   715 | D:3      | Reached XP level 5. HP: 39/49 MP: 5/5
  1481 | D:5      | Entered Level 5 of the Dungeon
  1532 | D:5      | Noticed Grinder
  1540 | D:5      | Paralysed by Grinder for 2 turns
  1561 | D:5      | Killed Grinder
  1561 | D:5      | Reached skill level 5 in Axes
  1561 | D:5      | Reached XP level 6. HP: 42/57 MP: 6/6
  1662 | D:5      | Noticed Duvessa
  1662 | D:5      | Noticed Dowan
  1680 | D:5      | Killed Duvessa
  1680 | D:5      | Reached skill level 5 in Armour
  1680 | D:5      | Reached XP level 7. HP: 58/64 MP: 7/7
  1684 | D:5      | Killed Dowan
  1684 | D:5      | Reached skill level 5 in Shields
  1696 | D:5      | Reached skill level 6 in Axes
  1728 | D:5      | Noticed Ijyb
  1743 | D:5      | Killed Ijyb
  2323 | D:6      | Reached XP level 8. HP: 35/73 MP: 8/8
  2343 | D:6      | Noticed Edmund
  2370 | D:6      | Killed Edmund
  2370 | D:6      | Reached skill level 7 in Axes
  2372 | D:6      | Found a bloodstained altar of Trog.
  2456 | D:6      | Found a shadowy altar of Dithmenos.
  2703 | D:6      | Reached skill level 5 in Fighting
  2749 | D:6      | Found an ornate altar of the Wu Jian Council.
  2769 | D:6      | Noticed Prince Ribbit
  2801 | D:6      | Killed Prince Ribbit
  2801 | D:6      | Reached skill level 8 in Axes
  3049 | D:7      | Gained mutation: You passively map the area around you.
                  | [Deep Dwarf growth]
  3049 | D:7      | Reached XP level 9. HP: 35/81 MP: 9/9
  3089 | D:7      | Found a staircase to the Ecumenical Temple.
  3160 | Temple   | Entered the Ecumenical Temple
  3259 | D:7      | Gained mutation: Armour fits poorly on your strangely
                  | shaped body. [potion of mutation]
  3259 | D:7      | Gained mutation: You are resistant to electric shocks.
                  | (rElec) [potion of mutation]
  3259 | D:7      | Gained mutation: You are partially covered in yellow
                  | scales. (AC +2) [potion of mutation]
  3259 | D:7      | Gained mutation: You have an increased reservoir of magic.
                  | (+10% MP) [potion of mutation]
  3429 | D:7      | Reached skill level 9 in Axes
  3461 | D:7      | Found Amegip's Jewellery Shoppe.
  3746 | D:8      | Noticed Maggie
  3779 | D:8      | Killed Maggie
  3793 | D:8      | Found a flagged portal.
  3808 | Bailey   | Entered a bailey
  3875 | Bailey   | Noticed an orc knight
  4002 | Bailey   | Noticed an orc knight
  4060 | Bailey   | Killed an orc knight
  4060 | Bailey   | Reached skill level 10 in Axes
  4145 | Bailey   | Got an ichor-stained crystal plate armour
  4155 | Bailey   | Identified the cursed +0 crystal plate armour "Beogon" {rC+
                  | Int-5 Dex+4 Slay+4} (You found it in a bailey)
  4158 | Bailey   | Got a pair of polished boots
  4168 | Bailey   | Identified the +0 pair of boots "Fybor" {-Cast Rampage
                  | rElec Dex+3} (You found it in a bailey)
  4191 | Bailey   | Reached XP level 10. HP: 42/92 MP: 10/10
  4294 | D:8      | Reached skill level 1 in Spellcasting
  4365 | D:8      | Found a staircase to the Lair.
  4453 | D:8      | Noticed a two-headed ogre
  4462 | D:8      | Killed a two-headed ogre
  4744 | D:8      | Reached skill level 11 in Axes
  5362 | D:9      | Noticed Grum
  5401 | D:9      | Killed Grum
  5448 | D:9      | Found an iron altar of Okawaru.
  5608 | D:9      | Noticed a cyclops
  5620 | D:9      | Reached XP level 11. HP: 80/100 MP: 11/11
  6041 | D:10     | Entered Level 10 of the Dungeon
  6136 | D:10     | Killed an unseen horror
  6272 | D:10     | Reached skill level 12 in Axes
  6484 | D:10     | Killed an unseen horror
  6517 | D:10     | Found a white marble altar of Elyvilon.
  7083 | D:11     | Noticed a four-headed hydra
  7097 | D:11     | Killed a 14-headed hydra
  7230 | D:11     | Found a staircase to the Orcish Mines.
  7255 | D:11     | Noticed a two-headed ogre
  7263 | D:11     | Killed a two-headed ogre
  7681 | D:2      | Found a sacrificial altar of Ru.
  7681 | D:2      | Found a burning altar of Makhleb.
  7691 | D:2      | Found a hazy altar of Hepliaklqana.
  7693 | D:2      | Became a worshipper of Makhleb the Destroyer
  7954 | D:12     | Found a gate leading to a gauntlet.
  7993 | Gauntlet | Entered a Gauntlet
  7993 | Gauntlet | Found a transporter.
  7997 | Gauntlet | Noticed a death scarab
  8002 | Gauntlet | Noticed a wretched star
  8003 | Gauntlet | Found a transporter.
  8018 | Gauntlet | Found a runed translucent door.
  8021 | Gauntlet | Found a transporter.
  8023 | Gauntlet | Found a transporter.
  8025 | Gauntlet | Noticed a white ugly thing
  8027 | Gauntlet | Noticed a great orb of eyes
  8035 | Gauntlet | Found a transporter.
  8051 | Gauntlet | Noticed a death yak
  8052 | Gauntlet | Identified the ring "Morikhli" {rN+ Int+5 Dex+6}
  8052 | Gauntlet | Noticed a necromancer
  8052 | Gauntlet | Noticed a death yak
  8053 | Gauntlet | Found a transporter.
  8053 | Gauntlet | Noticed a death yak
  8054 | Gauntlet | Noticed a death yak
  8055 | Gauntlet | Noticed a death yak
  8056 | Gauntlet | Found a transporter.
  8060 | Gauntlet | Found a transporter.
  8065 | Gauntlet | Noticed a death scarab
  8080 | Gauntlet | Noticed a sixfirhy
  8083 | Gauntlet | Noticed a sixfirhy
  8090 | Gauntlet | Found a transporter.
  8090 | Gauntlet | Found a transporter.
  8094 | Gauntlet | Noticed a shock serpent
  8094 | Gauntlet | a faun changed into a shock serpent
  8096 | Gauntlet | Noticed a harpy
  8098 | Gauntlet | Found a transporter.
  8098 | Gauntlet | Noticed a fire crab
  8098 | Gauntlet | a harpy changed into a fire crab
  8100 | Gauntlet | a shock serpent changed into a swamp worm
  8105 | Gauntlet | a fire crab changed into a jumping spider
  8138 | Gauntlet | Found a transporter.
  8221 | Gauntlet | Lost intelligence.
  8228 | Gauntlet | Killed a wretched star
  8228 | Gauntlet | Reached XP level 12. HP: 30/88 MP: 12/12
  8492 | Gauntlet | Got a crude cloak
  8502 | Gauntlet | Identified the cursed -2 cloak of the Devil {MR+ rCorr
                  | Dex+3} (You found it in a Gauntlet)
  8527 | Gauntlet | Reached skill level 13 in Axes
  8537 | Gauntlet | Killed a great orb of eyes
  8537 | Gauntlet | Reached skill level 10 in Armour
  8537 | Gauntlet | Reached skill level 10 in Shields
  8547 | Gauntlet | Got a clouded lapis lazuli ring
  8549 | Gauntlet | Identified the ring "Lasuy" {rElec rC+ rN+} (You found it
                  | in a Gauntlet)
  8564 | Gauntlet | Noticed a minotaur
  8588 | Gauntlet | Killed a minotaur
  8690 | D:12     | Reached skill level 5 in Spellcasting
  8747 | D:12     | Paralysed by a hornet for 3 turns
  8789 | D:12     | Reached * piety under Makhleb
  9111 | D:12     | Reached skill level 1 in Invocations
  9242 | D:12     | Noticed a two-headed ogre
  9252 | D:12     | Killed a two-headed ogre
  9448 | D:13     | Found Nablut's Book Emporium.
  9580 | D:13     | Found a gate to the Vaults.
  9580 | D:13     | Noticed an ironheart preserver
  9599 | D:13     | Killed an ironheart preserver
  9599 | D:13     | Reached skill level 14 in Axes
  9599 | D:13     | Reached skill level 1 in Evocations
  9650 | D:13     | Found a white marble altar of Elyvilon.
 10000 | D:13     | Reached skill level 5 in Invocations
 10000 | D:13     | Reached XP level 13. HP: 121/121 MP: 12/12
 10059 | D:13     | Reached ** piety under Makhleb
 10354 | Orc:1    | Entered Level 1 of the Orcish Mines
 10494 | Orc:2    | Entered Level 2 of the Orcish Mines
 10576 | Orc:2    | Found a roughly hewn altar of Beogh.
 10666 | Orc:2    | Found a roughly hewn altar of Beogh.
 10696 | Orc:2    | Noticed a stone giant
 10712 | Orc:2    | Killed a stone giant
 10750 | Orc:2    | Lost mutation: You have an increased reservoir of magic.
                  | (+10% MP) [a neqoxec]
 10892 | Orc:2    | Found a roughly hewn altar of Beogh.
 10902 | Orc:2    | Reached *** piety under Makhleb
 11078 | Orc:2    | Noticed an orc warlord
 11104 | Orc:2    | Killed an orc warlord
 11143 | Orc:2    | Found Ugaeqoci's Antique Armour Emporium.
 11144 | Orc:2    | Found a roughly hewn altar of Beogh.
 11145 | Orc:2    | Found Qayclo Imno's Antique Weapon Shoppe.
 11247 | Orc:2    | Found a roughly hewn altar of Beogh.
 11255 | Orc:2    | Reached **** piety under Makhleb
 11279 | Orc:2    | Found a staircase to the Elven Halls.
 11318 | Orc:2    | Found a roughly hewn altar of Beogh.
 11319 | Orc:2    | Found Nour Rus's Magic Scroll Shop.
 11339 | Orc:2    | Bought a scroll of fear for 42 gold pieces
 11339 | Orc:2    | Bought a scroll of fear for 42 gold pieces
 11339 | Orc:2    | Bought a scroll of blinking for 90 gold pieces
 11339 | Orc:2    | Bought a scroll of identify for 24 gold pieces
 11530 | Orc:2    | Found a roughly hewn altar of Beogh.
 11560 | Orc:2    | Found Juruicw's Gadget Boutique.
 11569 | Orc:2    | Bought a box of beasts (3/3) for 300 gold pieces
 11610 | Orc:1    | Noticed an ettin
 11627 | Orc:1    | Killed an ettin
 11650 | Orc:1    | Found Effirr's Gadget Shoppe.
 11923 | Orc:1    | Reached skill level 5 in Evocations
 11931 | Orc:1    | Reached ***** piety under Makhleb
 12007 | Orc:1    | You fall into a shaft and drop 1 floor!
 12065 | Orc:1    | Reached skill level 15 in Axes
 12341 | Lair:1   | Entered Level 1 of the Lair of Beasts
 12534 | Lair:1   | Gained mutation: You resist negative energy. (rN+) [Deep
                  | Dwarf growth]
 12534 | Lair:1   | Reached XP level 14. HP: 130/130 MP: 9/9
 13233 | Lair:3   | Found an opulent altar of Gozag.
 13347 | Lair:3   | Noticed Sonja
 13356 | Lair:3   | Killed Sonja
 13611 | Lair:3   | Found a staircase to the Shoals.
 14376 | Lair:4   | Found a hole to the Spider Nest.
 14422 | Spider:1 | Entered Level 1 of the Spider Nest
 14422 | Spider:1 | Noticed Azrael
 14452 | Spider:1 | HP: 3/130 [Azrael/damnation (31)]
 14459 | Spider:1 | Killed Azrael
 14459 | Spider:1 | Reached skill level 10 in Fighting
 14470 | Spider:1 | Reached skill level 10 in Invocations
 14665 | Spider:1 | Noticed Kirke
 14682 | Spider:1 | Noticed a sphinx
 14682 | Spider:1 | Killed Kirke
 14792 | Spider:1 | Killed a ghost moth
 14989 | Spider:2 | Noticed an entropy weaver
 14999 | Spider:2 | Killed an entropy weaver
 15101 | Spider:2 | Noticed Roxanne
 15143 | Spider:3 | Reached ****** piety under Makhleb
 15193 | Spider:4 | Entered Level 4 of the Spider Nest
 15212 | Spider:4 | Noticed an entropy weaver
 15224 | Spider:4 | Reached skill level 16 in Axes
 15234 | Spider:4 | Killed an entropy weaver
 15309 | Spider:4 | Reached XP level 15. HP: 76/140 MP: 9/9
 15696 | Spider:4 | Killed a ghost moth
 15794 | Spider:4 | Killed a ghost moth
 15816 | Spider:4 | Slain by an emperor scorpion

Illustrated notes

Levels and vault maps discovered:
D:1:      roderic_dead_forest, layout_rooms, serial_rivers,
          chequers_serial_rivers_micro_e, chequers_serial_rivers_micro_c,
          chequers_serial_rivers_micro_d, chequers_serial_rivers_marsh,
          chequers_serial_rivers_micro_b, minmay_misc_feat_x
D:2:      layout_basic, chequers_temple_overflow_minitemple
D:3:      layout_rooms, gup_sewer_entry_bubbles
D:4:      layout_cave_pods
D:5:      layout_loops_ring, uniq_grinder, uniq_duvessa, uniq_ijyb
D:6:      layout_loops_ring, lemuel_doored_altar, grunt_dithmenos_smoke,
          basic_altar, kennysheep_nondescript, uniq_prince_ribbit1, uniq_edmund
D:7:      layout_rooms, minmay_temple_entry_glass, serial_shops, shop_fountains,
          st_stairs_11, grunt_ministairs_12
D:8:      cheibrodos_helix_gallery, layout_layer_cave,
          due_lair_maze_entry_diamond, enter_bailey_3, uniq_maggie
D:9:      hangedman_cross_stitches, layout_small_grid, kennysheep_mini,
          uniq_grum
D:10:     layout_roguey, elyvilon_altar_3
D:11:     layout_irregular_city, hiddenorc1_lemuel
D:12:     layout_irregular_city, gauntlet_entry_generic,
          einodemon_armed_red_devil_minivault
D:13:     layout_gridville, skrybe_vaults_entry_preservation, basic_altar,
          serial_shops, nicolae_shop_crystal
D:14:     layout_roguey, basic_altar
Temple:   nicolae_temple_great_sept
Lair:1:   layout_roguey, cheibrodos_lair_lostbears
Lair:2:   layout_regular_city
Lair:3:   layout_cellular_growth, shoals_dummy_entry, basic_altar,
          cheibrodos_lair_caveside_slide, infiniplex_staircase_pool_2,
          lemuel_fruit_tree, uniq_sonja
Lair:4:   layout_loops_ring, nicolae_spider_entry_orb_guardian
Spider:1: layout_spider_delve, uniq_kirke, uniq_azrael
Spider:2: layout_spider_delve, guppyfry_spider_mini_2, uniq_roxanne
Spider:3: layout_spider_delve, spiders_nest_hornet_nest
Spider:4: grunt_spider_rune_circles
Orc:1:    lemuel_ogre_cave, layout_diamond_mine, serial_shops, shop_statue
Orc:2:    grunt_orc_community_town_hall, layout_caves,
          grunt_orc_community_big_house_1, grunt_orc_community_big_house_2,
          grunt_orc_community_house_3, grunt_orc_community_house_3,
          grunt_orc_community_house_1, grunt_orc_community_house_3, mines2_david

Skill      XL: |  1  2  3  4  5  6  7  8  9 10 11 12 13 14 15 |
---------------+----------------------------------------------+-----
Fighting       | 3 4 5 6 7 8 9 10 | 10.6
Axes           | 3 4 5 6 8 10 11 12 14 15 16 | 16.4
Armour         | 4 5 6 7 8 9 10 11 12 | 12.4
Shields        | 4 5 6 7 8 9 10 11 12 | 12.4
Spellcasting   | 3 4 5 |  5.2
Invocations    | 5 8 11 12 | 12.4
Evocations     | 2 5 7 8 |  8.3

Action                   |  1- 3 |  4- 6 |  7- 9 | 10-12 | 13-15 || total
-------------------------+-------+-------+-------+-------+-------++-------
Melee: War axe           |    78 |   188 |   414 |   142 |       ||   822
       Unarmed           |       |       |    26 |       |       ||    26
       Broad axe         |       |       |       |   637 |  1040 ||  1677
Invok: Lesser Servant of |       |       |       |       |    10 ||    10
 Abil: Heal Wounds       |     1 |     5 |    17 |    32 |    35 ||    90
Evoke: Wand              |       |       |       |       |    13 ||    13
       Condenser vane    |       |       |       |       |     2 ||     2
  Use: Scroll            |       |     3 |     5 |     7 |     7 ||    22
       Potion            |       |     3 |     4 |     8 |     8 ||    23
 Stab: Distracted        |       |       |       |       |     5 ||     5
       Held in net/web   |       |       |       |       |     2 ||     2
       Paralysed         |       |       |       |       |     2 ||     2
Armor: Scale mail        |    36 |    69 |   196 |       |       ||   301
       Crystal plate arm |       |       |     1 |   460 |  1013 ||  1474
Dodge: Dodged            |    18 |    40 |   192 |   203 |   189 ||   642
Block: Kite shield       |    48 |   113 |   303 |   527 |   889 ||  1880

Table legend: (Time is in decaauts)
 A = Elapsed time spent in this place.
 B = Non-inter-level travel time spent in this place.
 C = Inter-level travel time spent in this place.
 D = Time resting spent in this place.
 E = Time spent auto-exploring this place.
 F = Levels seen in this place.
 G = Mean time per level.
                   A        B        C        D        E       F      G
               +--------+--------+--------+--------+--------+-----+--------+
         Total |  16156 |  14624 |   1532 |    393 |   9347 |  28 |  577.0 |
       Dungeon |   9335 |   8116 |   1219 |      0 |   5523 |  14 |  666.8 |
        Temple |     78 |     66 |     12 |      0 |     65 |   1 |   78.0 |
          Lair |   2059 |   1978 |     81 |      0 |   1706 |   4 |  514.8 |
   Spider Nest |   1308 |   1257 |     51 |     40 |    552 |   4 |  327.0 |
  Orcish Mines |   1839 |   1672 |    167 |      0 |   1076 |   2 |  919.5 |
         Sewer |    359 |    359 |      0 |      0 |    194 |   1 |  359.0 |
        Bailey |    425 |    425 |      0 |      0 |     76 |   1 |  425.0 |
      Gauntlet |    750 |    750 |      0 |    353 |    152 |   1 |  750.0 |
               +--------+--------+--------+--------+--------+-----+--------+

Top non-repeatable levels by time:
     D:8: 1231 daAuts
   Orc:2: 1133 daAuts
    D:11: 974 daAuts
  Lair:3: 957 daAuts
    D:12: 935 daAuts
     D:5: 889 daAuts
     D:9: 826 daAuts
    D:10: 762 daAuts
     D:7: 762 daAuts
    D:13: 756 daAuts
Gauntlet: 750 daAuts
     D:4: 729 daAuts
   Orc:1: 706 daAuts
     D:6: 705 daAuts
  Lair:2: 608 daAuts
